 Dungeon Crawl Stone Soup version 0.22.1 (webtiles) character file.

986 MalarOregon the Chopper (level 8, -2/68 HPs)
             Began as a Hill Orc Fighter on Sept 17, 2018.
             Was a Follower of Nemelex Xobeh.
             Slain by an orc
             ... wielding a +0 trident
              (4 damage)
             ... on level 6 of the Dungeon.
             The game lasted 00:09:05 (5123 turns).

MalarOregon the Chopper (Hill Orc Fighter)          Turns: 5123, Time: 00:09:06

Health: -2/68      AC: 10    Str: 19    XL:     8   Next: 18%
Magic:  10/10      EV:  8    Int: 10    God:    Nemelex Xobeh [*.....]
Gold:   134        SH: 10    Dex: 10    Spells: 7/7 levels left

rFire    . . .     SeeInvis .   a - +0 war axe
rCold    . . .     Gourm    .   c - +0 shield
rNeg     . . .     Faith    .   b - +0 scale mail
rPois    .         Spirit   .   C - +0 helmet
rElec    .         Reflect  .   v - +0 cloak
rCorr    .         Harm     .   (no gloves)
MR       .....                  i - +0 pair of boots (curse)
Stlth    ..........             (no amulet)
HPRegen  0.21/turn              (no ring)
MPRegen  0.12/turn              (no ring)

@: no status effects
A: no striking features
a: Renounce Religion, Convert to Beogh


You were on level 6 of the Dungeon.
You worshipped Nemelex Xobeh.
Nemelex Xobeh was aware of your devotion.
You were not hungry.

You visited 1 branch of the dungeon, and saw 6 of its levels.

You collected 342 gold pieces.
You spent 208 gold pieces at shops.

Inventory:

Hand Weapons
 a - a +0 war axe (weapon)
Armour
 b - a +0 scale mail (worn)
 c - a +0 shield (worn)
 i - a cursed +0 pair of boots (worn)
   (You found it on level 1 of the Dungeon)
 v - a +0 cloak (worn)
   (You found it on level 3 of the Dungeon)
 C - a +0 helmet (worn)
   (You found it on level 4 of the Dungeon)
Jewellery
 p - a +2 ring of dexterity {unknown}
   (You found it on level 2 of the Dungeon)
 F - an uncursed ring of protection from fire {unknown}
   (You found it on level 5 of the Dungeon)
Wands
 x - a wand of acid (9)
   (You found it on level 5 of the Dungeon)
 A - a wand of scattershot (8)
   (You found it on level 4 of the Dungeon)
 B - a wand of enslavement (17)
   (You found it on level 4 of the Dungeon)
Scrolls
 f - 5 scrolls of remove curse {unknown}
 k - a scroll of blinking {unknown}
 m - a scroll of random uselessness {unknown}
 n - 4 scrolls of identify {unknown}
 s - 2 scrolls of teleportation {unknown}
 t - 2 scrolls of magic mapping {unknown}
 u - a scroll of noise {unknown}
 y - a scroll of immolation {unknown}
 H - 2 scrolls of fear {unknown}
Potions
 d - 2 potions of might
 g - a potion of flight {unknown}
 h - 2 potions of lignification {unknown}
 j - 2 potions of brilliance {unknown}
 l - 4 potions of curing {@q1}
 o - 3 potions of heal wounds {@q2}
 q - a potion of resistance {unknown}
 r - a potion of degeneration {unknown}
 z - a potion of magic {unknown}
 D - a potion of ambrosia
 G - a potion of mutation {unknown}
Miscellaneous
 w - a plain deck of destruction
   (Nemelex Xobeh gifted it to you on level 3 of the Dungeon)
 E - an ornate deck of escape
   (Nemelex Xobeh gifted it to you on level 5 of the Dungeon)
Comestibles
 e - 8 rations {!d}


   Skills:
 + Level 5.3 Fighting
 * Level 6.7 Axes
 + Level 4.8 Armour
 + Level 2.4 Dodging
 * Level 6.1 Shields
 + Level 2.9 Invocations


You had 7 spell levels left.
You didn't know any spells.
Your spell library contained the following spells:

 Spells                   Type           Power        Failure   Level  Hunger
 Magic Dart               Conj           #...         98%         1    ##.....
 Searing Ray              Conj           #.....       99%         2    ###....
 Dazzling Spray           Conj/Hex       #.....       100%        3    ####...
 Force Lance              Conj/Tloc      #.......     100%        4    #####..
 Fulminant Prism          Conj/Hex       #.........   100%        4    #####..
 Iskenderun's Mystic Bla  Conj           #.......     100%        4    #####..


Dungeon Overview and Level Annotations

Branches:
Dungeon (6/15)             Temple (0/1) D:4

Altars:
Elyvilon
Hepliaklqana
Nemelex Xobeh
Qazlal
Ru
Trog

Shops:
D:4 !


Message History

The bullfrog croaks.
You hear a shout! x2
Found a potion of heal wounds and 7 tomahawks.
There is a stone staircase leading up here.
A bullfrog is nearby!
Found a scroll labeled BIL INENUMU and 6 gold pieces.
The bullfrog hits you.
You hit the bullfrog. You block the bullfrog's attack. x2
You barely miss the bullfrog. The bullfrog hits you.
An orc priest comes into view.
An orc comes into view. It is wielding a trident.
The bullfrog hits you.
You closely miss the bullfrog. You block the bullfrog's attack.
An orc warrior comes into view. It is wielding a dire flail.
The orc warrior shouts!
You slash the bullfrog!
The bullfrog hits you but does no damage. x2
You closely miss the bullfrog. You block the bullfrog's attack.
The orc priest calls down the wrath of Beogh upon you.
You struggle to resist.
The bullfrog hits you but does no damage.
You barely miss the bullfrog.
The bullfrog hits you but does no damage.
The bullfrog hits you.
You barely miss the bullfrog. You block the bullfrog's attack.
The orc barely misses you. The bullfrog hits you.
You barely miss the bullfrog. You barely miss the orc priest.
The orc priest threatens, "By the altar or by the axe, you will meet Beogh!"
You block the bullfrog's attack. The orc hits you but does no damage.
The orc priest barely misses you. The bullfrog barely misses you.
You completely miss the bullfrog. You closely miss the orc priest.
You block the bullfrog's attack.
The orc hits you from afar with a trident.
The orc priest barely misses you.
You closely miss the bullfrog. You closely miss the orc priest.
The bullfrog hits you!
The orc priest hits you but does no damage.
The orc hits you but does no damage. The bullfrog closely misses you.
You barely miss the bullfrog. You barely miss the orc warrior.
You hit the orc priest. You block the bullfrog's attack.
The orc priest closely misses you. The orc hits you but does no damage.
The bullfrog hits you but does no damage.
The orc warrior hits you with a dire flail!
The orc priest calls down the wrath of Beogh upon you.
Beogh smites you!
* * * LOW HITPOINT WARNING * * *
The orc warrior hits you with a dire flail!!
* * * LOW HITPOINT WARNING * * *
The orc hits you from afar with a trident.
You die...
Your body glows slightly and disappears.

#+ ... ....
#####....
#....###+ .
#<.......
....###@...#.##
.....ooF!....#
.$..?..o####...
....(...# #.
.........
.........
........#.
..........
.....#.####


You could see an orc warrior, a bullfrog, an orc priest and an orc.

Vanquished Creatures
  Grinder (D:5)
  A centaur (D:3)
  An ogre (D:4)
  A scorpion (D:4)
  A howler monkey (D:3)
  A crimson imp (D:5)
  A jelly (D:5)
  4 orc priests (D:3)
  3 orc wizards
  4 worker ants
  A gnoll (D:1)
  8 adders
  An ooze (D:2)
  An adder zombie (D:5)
  A worm (D:3)
  A dart slug (D:1)
  2 leopard geckos
  17 orcs
  8 bats
  4 giant cockroaches
  10 goblins
  7 hobgoblins
  5 kobolds
  3 quokkas
  2 ball pythons
  5 frilled lizards
  A leopard gecko skeleton (D:4)
  8 rats
103 creatures vanquished.

Notes
Turn   | Place    | Note
-------+----------+-------------------------------------------
     0 | D:1      | MalarOregon the Hill Orc Fighter began the quest for the
                  | Orb.
     0 | D:1      | Reached XP level 1. HP: 19/19 MP: 1/1
   302 | D:1      | Reached XP level 2. HP: 27/27 MP: 2/2
   374 | D:1      | Reached XP level 3. HP: 31/33 MP: 3/3
  1094 | D:2      | Reached XP level 4. HP: 32/40 MP: 4/4
  1206 | D:2      | Reached skill level 1 in Dodging
  1223 | D:2      | Found a hazy altar of Hepliaklqana.
  1553 | D:3      | Noticed a centaur
  1584 | D:3      | Killed a centaur
  1584 | D:3      | Reached XP level 5. HP: 17/46 MP: 5/5
  2051 | D:3      | Found a sparkling altar of Nemelex Xobeh.
  2073 | D:3      | Reached XP level 6. HP: 48/53 MP: 6/6
  2088 | D:3      | Became a worshipper of Nemelex Xobeh the Trickster
  2128 | D:3      | Received a gift from Nemelex Xobeh
  2199 | D:3      | Found a faded altar of an unknown god.
  2550 | D:3      | Reached skill level 5 in Axes
  2643 | D:3      | Reached skill level 5 in Shields
  2666 | D:3      | Reached skill level 1 in Invocations
  3002 | D:3      | Reached XP level 7. HP: 29/60 MP: 7/7
  3633 | D:4      | Found a bloodstained altar of Trog.
  3652 | D:4      | Reached skill level 5 in Fighting
  3883 | D:4      | Found Yhiel's Distillery.
  3891 | D:4      | Bought a potion of curing for 39 gold pieces
  3891 | D:4      | Bought a potion of ambrosia for 104 gold pieces
  3891 | D:4      | Bought a potion of heal wounds for 65 gold pieces
  4010 | D:4      | Found a stormy altar of Qazlal.
  4010 | D:4      | Found a sacrificial altar of Ru.
  4143 | D:4      | Found a staircase to the Ecumenical Temple.
  4195 | D:5      | Entered Level 5 of the Dungeon
  4211 | D:5      | Received a gift from Nemelex Xobeh
  4412 | D:5      | Reached * piety under Nemelex Xobeh
  4497 | D:5      | Noticed Grinder
  4506 | D:5      | Paralysed by Grinder for 4 turns
  4510 | D:5      | Killed Grinder
  4510 | D:5      | Reached XP level 8. HP: 12/68 MP: 8/10
  4914 | D:5      | Found a white marble altar of Elyvilon.
  5123 | D:6      | HP: 2/68 [orc warrior/dire flail (22)]
  5123 | D:6      | Slain by an orc

Skill      XL: |  1  2  3  4  5  6  7 |
---------------+----------------------+-----
Axes           | 3 4 5 6 |  6.7
Fighting       | 4 5 |  5.3
Shields        | 4 5 6 |  6.1
Dodging        | 1 2 |  2.4
Armour         | 4 |  4.8
Invocations    | 1 2 |  2.9

Action                   |  1- 3 |  4- 6 |  7- 9 || total
-------------------------+-------+-------+-------++-------
Melee: War axe           |   107 |   245 |   114 ||   466
Evoke: Wand              |       |       |     1 ||     1
  Eat: Chunk             |     1 |     6 |     5 ||    12
       Ration            |       |       |     1 ||     1
Armor: Scale mail        |    59 |   155 |    39 ||   253
Dodge: Dodged            |    33 |   106 |    43 ||   182
Block: Shield            |    73 |   149 |    64 ||   286
